 Dungeon Crawl Stone Soup version 0.26.1-2-gb8aa6d0cf2 (webtiles) character file.

Game seed: 13917648086352467594

672 dohliylev the Chopper (level 7, -12/61 HPs)
             Began as a Hill Orc Berserker on Mar 24, 2021.
             Was a Priest of Trog.
             Mangled by an ogre
             ... wielding a +0 giant club
              (24 damage)
             ... on level 4 of the Dungeon.
             The game lasted 00:08:34 (4523 turns).

dohliylev the Chopper (Hill Orc Berserker)          Turns: 4523, Time: 00:08:35

Health: -12/61     AC:  9    Str: 22    XL:     7   Next: 59%
Magic:  7/7        EV: 10    Int:  7    God:    Trog [***...]
Gold:   239        SH:  3    Dex: 10    Spells: 6/6 levels left

rFire    . . .     SeeInvis .   a - +0 hand axe
rCold    . . .     Faith    .   j - +0 buckler
rNeg     . . .     Spirit   .   u - +0 scale mail
rPois    .         Reflect  .   m - +0 helmet
rElec    .         Harm     .   (no cloak)
rCorr    .         Rampage  .   t - +0 pair of gloves
Will     .....                  (no boots)
Stlth    ..........             (no amulet)
HPRegen  0.20/turn              (no ring)
MPRegen  0.10/turn              (no ring)

@: berserk cooldown, slowed, very slow
A: no striking features
a: Renounce Religion, Berserk, Trog's Hand


You were on level 4 of the Dungeon.
You worshipped Trog.
Trog was most pleased with you.
You visited 1 branch of the dungeon, and saw 4 of its levels.
You also visited: Sewer.

You collected 239 gold pieces.

Inventory:

Hand Weapons
 a - a +0 hand axe (weapon)
Armour
 j - a +0 buckler (worn)
 m - a +0 helmet (worn)
 t - a +0 pair of gloves (worn)
 u - a +0 scale mail (worn)
Scrolls
 b - 2 scrolls of teleportation {unknown}
 c - 3 scrolls of remove curse {unknown}
 e - 2 scrolls of identify {unknown}
 f - 5 scrolls of fog {unknown}
 h - a scroll of amnesia {unknown}
 i - 4 scrolls of blinking {unknown}
 l - 3 scrolls of fear {unknown}
 q - a scroll of enchant weapon {unknown}
Potions
 g - a potion of resistance {unknown}
 k - 7 potions of heal wounds {unknown}
 n - a potion of haste {unknown}
 o - 3 potions of magic {unknown}
 p - 2 potions of brilliance {unknown}
 r - a potion of mutation {unknown}
 s - a potion of lignification {unknown}


   Skills:
 + Level 5.3 Fighting
 + Level 7.7 Axes
 + Level 5.1 Armour
 + Level 2.8 Dodging
 + Level 1.1 Shields


You had 6 spell levels left.
You didn't know any spells.
Your spell library was empty.

Dungeon Overview and Level Annotations

Branches:
Dungeon (4/15)              Sewer (visited)
 Temple: D:4-7

Altars:
Makhleb
Vehumet
Xom


Message History

You feel yourself moving faster!
You feel mighty! The ogre barely misses you.
You feel a strong urge to attack something.
You feel your anger nearly subside.
You are no longer berserk.
You are exhausted.
You feel yourself slow down. The ogre barely misses you.
The ogre hits you with a +0 giant club!
* * * LOW HITPOINT WARNING * * *
You're still recovering from your berserk rage.
You barely miss the ogre.
The ogre is moderately wounded.
The ogre barely misses you.
You slash the ogre!
The ogre is heavily wounded.
You block the ogre's attack.
You hit the ogre.
The ogre is severely wounded.
The ogre hits you with a +0 giant club!!
You die...

#..# #....
#..#####...
##....###..
#.........
#.........
##........
#........
#O.#.....
#@..#....
##........
##..####...
.# ###..##
#. ..
##...##
..##
##..###
#..#
###..##
#..##
##..### #
#...###..##
.##


You could see an ogre.

Vanquished Creatures
  Sigmund (D:2)
  2 bullfrogs (Sewer)
  Terence (D:2)
  2 worker ants
  13 adders
  10 river rats
  An ooze (Sewer)
  3 worms
  A dart slug (D:2)
  3 leopard geckos
  4 orcs (D:3)
  5 giant cockroaches
  5 goblins
  5 hobgoblins
  A quokka (D:3)
  9 ball pythons
  6 bats
  9 frilled lizards
  5 kobolds
  29 rats
115 creatures vanquished.

Vanquished Creatures (others)
  3 plants (D:1)
3 creatures vanquished.

Grand Total: 118 creatures vanquished

Notes
Turn   | Place    | Note
-------+----------+-------------------------------------------
     0 | D:1      | dohliylev the Hill Orc Berserker began the quest for the
                  | Orb.
     0 | D:1      | Reached XP level 1. HP: 19/19 MP: 1/1
   354 | D:1      | Reached XP level 2. HP: 23/27 MP: 2/2
   980 | D:2      | Noticed Terence
   994 | D:2      | Killed Terence
   995 | D:2      | Reached XP level 3. HP: 13/33 MP: 3/3
  1406 | D:2      | Reached skill level 5 in Axes
  1439 | D:2      | Reached XP level 4. HP: 40/40 MP: 4/4
  1713 | D:2      | Found a burning altar of Makhleb.
  1728 | D:2      | Reached ** piety under Trog
  1891 | D:2      | Noticed Sigmund
  1907 | D:2      | Killed Sigmund
  1908 | D:2      | Reached skill level 6 in Axes
  1908 | D:2      | Reached XP level 5. HP: 47/47 MP: 5/5
  1908 | D:2      | Reached XP level 6. HP: 53/53 MP: 6/6
  2091 | D:2      | Found a radiant altar of Vehumet.
  2473 | D:3      | Found a glowing drain.
  2477 | Sewer    | Entered a sewer
  2834 | Sewer    | Reached *** piety under Trog
  2853 | Sewer    | Reached skill level 7 in Axes
  2868 | Sewer    | Reached skill level 5 in Fighting
  2868 | Sewer    | Reached XP level 7. HP: 16/61 MP: 7/7
  3261 | Sewer    | Reached skill level 5 in Armour
  3272 | Sewer    | Reached skill level 1 in Shields
  4063 | D:3      | Found a shimmering altar of Xom.
  4523 | D:4      | Mangled by an ogre

Illustrated notes

Levels and vault maps discovered:
D:1:      dpeg_arrival_concentric_ovals, layout_basic, minmay_strange_pillars,
          serial_bayou_pond_c, minivault_27, minmay_crystal_water
D:2:      layout_loops_ring, lemuel_doored_altar, fiery_altar_vehumet,
          uniq_sigmund, uniq_terence
D:3:      layout_loops_ring, gup_sewer_entry_spiral, tgw_xom
D:4:      layout_cave_pods, gammafunk_ghost_cemetery, grunt_decor_one_mirror,
          uniq_ijyb, uniq_robin, uniq_eustachio

Skill      XL: |  1  2  3  4  5  6  7 |
---------------+----------------------+-----
Fighting       | 4 5 |  5.3
Axes           | 5 6 7 |  7.7
Armour         | 3 4 5 |  5.1
Dodging        | 2 |  2.8
Shields        | 1 |  1.1

Action                   |  1- 3 |  4- 6 |  7- 9 || total
-------------------------+-------+-------+-------++-------
Melee: Hand axe          |    90 |   206 |    74 ||   370
Invok: Berserk           |     1 |     6 |     2 ||     9
       Trog's Hand       |       |     1 |       ||     1
Armor: Ring mail         |    35 |    97 |    19 ||   151
       Scale mail        |       |       |     4 ||     4
Dodge: Dodged            |    75 |   154 |    32 ||   261
Block: Buckler           |       |    26 |    11 ||    37
